 Dungeon Crawl Stone Soup version 0.29.0-11-gd7f09526c8 (webtiles) character file.

Game seed: 15956339829153250549

102 KamiKatze the Shield-Bearer (level 4, -3/28 HPs)
             Began as a Gargoyle Fighter on Sept 4, 2022.
             Killed from afar by Sigmund (5 damage)
             ... with a magic dart
             ... on level 3 of the Dungeon.
             The game lasted 00:04:02 (1386 turns).

KamiKatze the Shield-Bearer (Gargoyle Fighter)      Turns: 1386, Time: 00:04:03

Health: -3/28      AC: 11    Str: 22    XL:     4   Next: 77%
Magic:  4/4        EV:  9    Int:  8    God:
Gold:   60         SH:  4    Dex:  9    Spells: 3/3 levels left

rFire   + . .      SeeInvis .   a - +0 war axe
rCold   . . .      Faith    .   c - +0 buckler
rNeg    + . .      Spirit   .   b - +0 scale mail
rPois   ∞          Reflect  .   (no helmet)
rElec   +          Harm     .   m - +0 cloak
rCorr   .          Rampage  .   (no gloves)
Will    .....                   (no boots)
Stlth   ..........              (no amulet)
HPRegen 0.09/turn               e - ring of protection from fire
MPRegen 0.09/turn               (no ring)

@: no status effects
A: sickness immunity, AC +3, negative energy resistance 1, electricity
resistance, torment resistance 1, petrification resistance
a: no special abilities


You were on level 3 of the Dungeon.
You visited 1 branch of the dungeon, and saw 3 of its levels.

You collected 60 gold pieces.

Inventory:

Hand Weapons
 a - a +0 war axe (weapon)
 i - a +0 whip of venom
Armour
 b - a +0 scale mail (worn)
 c - a +0 buckler (worn)
 k - a +0 plate armour
 m - a +0 cloak (worn)
Jewellery
 e - a ring of protection from fire (left hand)
Scrolls
 f - 3 scrolls of teleportation {unknown}
 l - a scroll of fear {unknown}
Potions
 d - a potion of might
 g - 2 potions of heal wounds {unknown}
 h - a potion of brilliance {unknown}
 j - a potion of ambrosia {unknown}


   Skills:
 - Level 3.2 Fighting
 * Level 3.7 Axes
 - Level 3.2 Armour
 + Level 4.2 Shields


You had 3 spell levels left.
You didn't know any spells.
Your spell library was empty.

Dungeon Overview and Level Annotations

Branches:
Dungeon (3/15)

Altars:
Fedhas

Annotations:
D:3 Sigmund


Innate Abilities, Weirdness & Mutations

You are immune to sickness and miasma.
Your stone body is resilient. (AC +3)
You are immune to poison.
You resist negative energy. (rN+)
You are resistant to electric shocks. (rElec)
You are resistant to unholy torment.
You are immune to petrification.


Message History

You barely miss the bat. The bat hits you but does no damage.
You block the bat's attack. Sigmund closely misses you.
The bat hits you but does no damage.
You hit the bat.
You kill the bat!
Fedhas appreciates your contribution to the ecosystem.
Sigmund hits you from afar with a +0 scythe.
You completely miss the ball python.
The ball python bites you but does no damage.
You block the ball python's attack.
The ball python bites you but does no damage.
The ball python grabs you. The ball python constricts you.
Sigmund hits you from afar with a +0 scythe!
You are too injured to fight recklessly!
You are too injured to fight recklessly!
Unknown command.
You slash the ball python!
You kill the ball python!
Fedhas appreciates your contribution to the ecosystem.
Sigmund closely misses you.
You are too injured to fight recklessly!
You are too injured to fight recklessly!
You hit Sigmund but do no damage. Sigmund hits you with a +0 scythe!
* * * LOW HITPOINT WARNING * * *
You closely miss Sigmund. You block Sigmund's attack.
You barely miss Sigmund. Sigmund closely misses you.
Okay, then.
Okay, then.
Unknown command.
Really renounce your faith, foregoing its fabulous benefits?
Are you sure?
You have lost your religion!
Fedhas does not appreciate desertion!
The plants of the dungeon turn on you. Sigmund hits you with a +0 scythe!
* * * LOW HITPOINT WARNING * * *
Unknown command.
Sigmund gestures at you while chanting. The magic dart hits you.
You die...

#≈##.. #.# ≈≈≈#..
#.## ≈~..##...
##....#.# #
#..#.##.##.####
≈≈##..@...........
#......##<##.##.
......##.#.#.#
#.### ##@..# #.###
#.# #.# #.# #..
#.# #.#


You could see Sigmund.

Vanquished Creatures
  Crazy Yiuf (D:2)
  Terence (D:2)
  An adder (D:2)
  2 dart slugs (D:2)
  A worm (D:2)
  An endoplasm (D:1)
  3 giant cockroaches
  5 goblins
  A hobgoblin (D:2)
  3 jackals (D:2)
  2 ball pythons
  5 bats
  2 frilled lizards
  5 kobolds
  A rat (D:1)
34 creatures vanquished.

Notes
Turn   | Place    | Note
-------+----------+-------------------------------------------
     0 | D:1      | KamiKatze the Gargoyle Fighter began the quest for the Orb.
     0 | D:1      | Reached XP level 1. HP: 14/14 MP: 1/1
   169 | D:1      | Reached XP level 2. HP: 14/19 MP: 2/2
   175 | D:1      | Found a faded altar of an unknown god.
   232 | D:1      | Prayed at the altar of an unknown god.
   232 | D:1      | Became a worshipper of Fedhas Madash
   232 | D:1      | Reached * piety under Fedhas
   698 | D:2      | Found a runed translucent door.
   699 | D:2      | Noticed Crazy Yiuf
   745 | D:2      | Killed Crazy Yiuf
   746 | D:2      | Reached XP level 3. HP: 20/23 MP: 3/3
   782 | D:2      | Noticed Terence
   792 | D:2      | Killed Terence
   793 | D:2      | Reached skill level 4 in Shields
   793 | D:2      | Reached XP level 4. HP: 12/28 MP: 4/4
  1372 | D:3      | Reached ** piety under Fedhas
  1373 | D:3      | Noticed Sigmund
  1384 | D:3      | Fell from the grace of Fedhas
  1386 | D:3      | Killed from afar by Sigmund

Illustrated notes

Levels and vault maps discovered:
D:1:      psy_arrival_dodecagon, layout_loops_ring,
          hellmonk_ecumenical_altar_zigzags
D:2:      layout_loops_cross, minivault_11, kennysheep_generic_room_14,
          uniq_crazy_yiuf_cottage, uniq_terence
D:3:      cheibrodos_old_hovel, layout_loops_ring, gup_sewer_entry_pipe,
          minivault_4, uniq_sigmund, uniq_robin

Skill      XL: |  1  2  3 |
---------------+----------+-----
Axes           | 2 3 |  3.7
Shields        | 4 |  4.2
Fighting       | |  3.2
Armour         | |  3.2

Action                   |  1- 3 |  4- 6 || total
-------------------------+-------+-------++-------
Melee: War axe           |    65 |    64 ||   129
Invok: Renounce Religion |       |     1 ||     1
Armor: Scale mail        |    44 |    49 ||    93
Dodge: Dodged            |    32 |    34 ||    66
Block: Buckler           |    20 |    23 ||    43
